 Dungeon Crawl Stone Soup version 0.20-a0-820-g557356e (webtiles) character file.

2865 Brand the Covert (level 9, -1/43 HPs)
             Began as a Spriggan Enchanter on Mar 4, 2017.
             Was a Follower of Dithmenos.
             Slain by Laan's ghost (10 damage)
             ... on level 8 of the Dungeon.
             The game lasted 00:24:02 (9985 turns).

Brand the Covert (Spriggan Enchanter)               Turns: 9985, Time: 00:24:03

Health: -1/43      AC:  2    Str:  7    XL:     9   Next: 47%
Magic:  1/19       EV: 28    Int: 18    God:    Dithmenos [*.....]
Gold:   273        SH:  3    Dex: 23    Spells: 11/20 levels left

rFire    . . .     SeeInvis +   j - +2 dagger (speed)
rCold    + . .     Gourm    .   b - +0 robe
rNeg     + + .     Faith    .   (shield restricted)
rPois    .         Spirit   .   (helmet restricted)
rElec    .         Reflect  +   (no cloak)
rCorr    +         Harm     .   (gloves unavailable)
MR       +....                  (boots unavailable)
Stlth    +++++++++.             u - +3 amulet of reflection
Regen    0.2/turn               x - ring of Hyumak {rCorr *Contam rC+ rN+ Str+3}
MPRegen  0.2/turn               i - ring of positive energy

@: agile, wreathed by umbra, very quick
A: unfitting armour, see invisible, herbivore 3, speed 3, slow metabolism 2
a: Renounce Religion


You were on level 8 of the Dungeon.
You worshipped Dithmenos.
Dithmenos was aware of your devotion.
You were hungry.

You visited 2 branches of the dungeon, and saw 9 of its levels.

You collected 273 gold pieces.

Inventory:

Hand Weapons
 a - a +1 dagger
 j - a +2 dagger of speed (weapon)
Armour
 b - a +0 robe (worn)
Jewellery
 i - a ring of positive energy (left hand)
 m - an uncursed amulet of regeneration
 u - a +3 amulet of reflection (around neck)
 x - the ring of Hyumak (right hand) {rCorr *Contam rC+ rN+ Str+3}
   (You found it on level 7 of the Dungeon)

   [ring of resist corrosion]

   It affects your strength (+3).
   It protects you from cold.
   It protects you from negative energy.
   It causes magical contamination when unequipped.
Wands
 e - a wand of polymorph (17/24)
 l - a wand of disintegration (24/24)
 t - a wand of confusion (24/48)
Scrolls
 f - a scroll of teleportation
 q - 2 scrolls of blinking
 s - a scroll of enchant weapon
 v - a scroll of magic mapping
Potions
 g - 5 potions of flight
 h - a potion of cancellation
 k - 2 potions of curing
 r - a potion of heal wounds
Books
 c - a book of Maledictions

   Spells                             Type                      Level
   a - Corona                         Hexes                        1
   b - Ensorcelled Hibernation        Hexes/Ice                    2
   c - Confuse                        Hexes                        3
   d - Tukima's Dance                 Hexes                        3
   e - Dazzling Spray                 Conjuration/Hexes            3
 y - a book of Frost

   Spells                             Type                      Level
   a - Freeze                         Ice                          1
   b - Throw Frost                    Conjuration/Ice              2
   c - Ozocubu's Armour               Charms/Ice                   3
   d - Throw Icicle                   Conjuration/Ice              4
   e - Summon Ice Beast               Ice/Summoning                4
Comestibles
 d - 3 bread rations


   Skills:
 + Level 2.8 Fighting
 + Level 3.6 Short Blades
 + Level 6.2 Dodging
 + Level 14.0 Stealth
 + Level 6.3 Spellcasting
 + Level 7.1 Hexes


You had 11 spell levels left.
You knew the following spells:

 Your Spells              Type           Power        Failure   Level  Hunger
a - Ensorcelled Hibernat  Hex/Ice        ###...       4%          2    None
b - Corona                Hex            ####...      1%          1    None
c - Confuse               Hex            ####....     1%          3    ##.....
d - Tukima's Dance        Hex            ####....     1%          3    ##.....


Dungeon Overview and Level Annotations

Branches:
Dungeon (8/15)             Temple (1/1) D:6
   Lair: D:8-11

Altars:
Ashenzari
Cheibriados
Dithmenos
Elyvilon
Fedhas
Gozag
Hepliaklqana
Kikubaaqudgha
Makhleb
Nemelex Xobeh
Okawaru
Qazlal
Ru
Sif Muna
Trog
Uskayaw
Vehumet
Wu Jian
Xom
Yredelemnul
The Shining One
Lugonu

Shops:
D:6 }   D:7 (

Annotations:
D:8 Laan's ghost, novice MfGl


Innate Abilities, Weirdness & Mutations

You are very small and have problems with some larger weapons.
You are too small for most types of armour.
You have supernaturally acute eyesight. (SInv)
You are a herbivore.
You cover ground extremely quickly.
You need consume almost no food.


Message History

You don't have enough magic to cast that spell.
Unknown command.
You hit Laan's ghost but do no damage.
Laan's ghost is heavily damaged.
Laan's ghost barely misses you.
You closely miss Laan's ghost.
Laan's ghost is heavily damaged.
You closely miss Laan's ghost.
Laan's ghost is heavily damaged.
Laan's ghost hits you but does no damage.
You completely miss Laan's ghost.
Laan's ghost is heavily damaged.
Laan's ghost hits you!!
* * * LOW HITPOINT WARNING * * *
You barely miss Laan's ghost.
Laan's ghost is heavily damaged.
You closely miss Laan's ghost.
Laan's ghost is heavily damaged.
Laan's ghost hits you!
You die...

#...# #..## #.<#######
#........#######
#.#####.."##...##
#.####..........##
#W.##............#
##.##..W.........#
####.##..@.........#
#.
#.................##
#..#...........##...##
#.............###### #
###>.........## #
####....#### #
#...#### ###### #.###
.....####.#


You could see Laan's ghost.

Vanquished Creatures
  A troll (D:7)
  A hippogriff (D:7)
  The ghost of Mulkerokala the Caller, an amateur DESu (D:5)
  Duvessa (D:4)
  2 orc warriors
  3 ice beasts
  A phantom (D:6)
  3 ogres
  The ghost of Aksej the Sneak, an amateur OpAs (D:3)
  A big kobold (D:7)
  A bullfrog (D:7)
  Dowan (D:4)
  6 scorpions
  5 wights (D:7)
  A crimson imp (D:6)
  A quasit (D:5)
  5 orc priests
  2 jellies
  3 orc wizards
  7 worker ants
  A killer bee zombie (D:7)
  2 worker ant zombies
  4 adders
  2 shadow imps
  A worm (D:3)
  3 adder skeletons
  2 leopard geckos
  24 orcs
  8 bats
  5 giant cockroaches
  5 goblins
  5 hobgoblins
  7 jackals
  6 quokkas
  2 frilled lizards
  A jackal skeleton (D:6)
  9 kobolds
  A quokka zombie (D:5)
  2 rats
137 creatures vanquished.

Vanquished Creatures (collateral kills)
  An orc (D:5)
  A kobold (D:7)
2 creatures vanquished.

Grand Total: 139 creatures vanquished

Notes
Turn   | Place    | Note
-------+----------+-------------------------------------------
     0 | D:1      | Brand the Spriggan Enchanter began the quest for the Orb.
     0 | D:1      | Reached XP level 1. HP: 9/9 MP: 5/5
   370 | D:1      | Reached XP level 2. HP: 13/13 MP: 7/7
   374 | D:1      | Learned a level 2 spell: Ensorcelled Hibernation
  1478 | D:2      | Reached XP level 3. HP: 16/16 MP: 9/9
  1483 | D:2      | Learned a level 3 spell: Confuse
  1487 | D:2      | Learned a level 3 spell: Tukima's Dance
  1490 | D:2      | Found a stormy altar of Qazlal.
  2163 | D:2      | You fall through a shaft for 2 floors!
  2224 | D:4      | Reached skill level 5 in Hexes
  2224 | D:4      | Reached XP level 4. HP: 5/21 MP: 2/11
  2472 | D:3      | Noticed Aksej's ghost (amateur OpAs)
  2615 | D:3      | Killed Aksej's ghost
  2615 | D:3      | Reached XP level 5. HP: 23/24 MP: 7/13
  2925 | D:4      | Noticed Duvessa
  3328 | D:4      | Noticed Dowan
  3414 | D:4      | Killed Duvessa
  3414 | D:4      | Reached skill level 6 in Stealth
  3432 | D:4      | Killed Dowan
  3432 | D:4      | Reached skill level 7 in Stealth
  3432 | D:4      | Reached XP level 6. HP: 26/28 MP: 1/14
  3536 | D:4      | Found an iron altar of Okawaru.
  3536 | D:4      | Found a glowing golden altar of the Shining One.
  3945 | D:3      | Reached skill level 8 in Stealth
  4871 | D:5      | Entered Level 5 of the Dungeon
  5495 | D:5      | Reached skill level 9 in Stealth
  5516 | D:5      | Reached XP level 7. HP: 21/32 MP: 5/15
  5727 | D:5      | Reached skill level 10 in Stealth
  5828 | D:5      | Found a shimmering altar of Xom.
  5829 | D:5      | Found a radiant altar of Vehumet.
  5853 | D:5      | Noticed Mulkerokala's ghost (amateur DESu)
  5869 | D:5      | Killed Mulkerokala's ghost
  5947 | D:5      | Reached skill level 11 in Stealth
  6017 | D:5      | Identified a scroll of acquirement
  6287 | D:6      | Reached skill level 12 in Stealth
  6296 | D:6      | Reached XP level 8. HP: 28/36 MP: 2/16
  6541 | D:6      | Found Xuh Ceyn's Gadget Boutique.
  6643 | D:6      | Found a sparkling altar of Nemelex Xobeh.
  6690 | D:6      | Found a snail-covered altar of Cheibriados.
  6698 | D:6      | Reached skill level 13 in Stealth
  6773 | D:6      | Found a staircase to the Ecumenical Temple.
  6778 | Temple   | Entered the Ecumenical Temple
  6792 | Temple   | Became a worshipper of Dithmenos the Shadowed
  6881 | D:6      | Reached skill level 5 in Spellcasting
  6949 | D:6      | Reached skill level 1 in Fighting
  7799 | D:7      | Got a steaming granite ring
  7801 | D:7      | Identified the ring of Hyumak {rCorr *Contam rC+ rN+ Str+3} (You found it on level 7 of the Dungeon)
  8076 | D:7      | Found Epiateu's Antique Weapon Shoppe.
  8135 | D:7      | Reached * piety under Dithmenos
  8450 | D:7      | Reached skill level 5 in Dodging
  8450 | D:7      | Reached XP level 9. HP: 42/42 MP: 14/18
  8894 | D:7      | Found a basalt altar of Yredelemnul.
  9085 | D:7      | Found a bloodstained altar of Trog.
  9085 | D:7      | Found a sacrificial altar of Ru.
  9085 | D:7      | Found a shattered altar of Ashenzari.
  9085 | D:7      | Found an ornate altar of the Wu Jian Council.
  9086 | D:7      | Found a hide-covered altar of Uskayaw.
  9309 | D:7      | Noticed a troll
  9324 | D:7      | Killed a troll
  9572 | D:7      | Reached skill level 14 in Stealth
  9909 | D:8      | Noticed Laan's ghost (novice MfGl)
  9985 | D:8      | Slain by Laan's ghost

Vault maps used:
D:1:      dpeg_arrival_round_c
D:2:      grunt_qazlal_sundering
D:3:      minmay_bisected
D:4:      gammafunk_temple_overflow_statue, first_bread, uniq_duvessa
D:5:      grunt_temple_overflow_open
D:6:      kennysheep_mini, nemelex_xobeh_ov_fountains_minmay, temple_statues,
          serial_shops, shop
D:7:      minitemple, serial_shops, shop
D:8:      grunt_lair_entry_orc_guard_hut, uniq_erica
Temple:   corrupted_temple

Skill      XL: |  1  2  3  4  5  6  7  8  9 |
---------------+----------------------------+-----
Spellcasting   | 3 4 5 6 |  6.3
Hexes          | 4 5 6 7 |  7.1
Stealth        | 7 9 12 13 14 | 14.0
Fighting       | 2 |  2.8
Dodging        | 5 6 |  6.2
Short Blades   | 2 3 |  3.6

Action                   |  1- 3 |  4- 6 |  7- 9 || total
-------------------------+-------+-------+-------++-------
Melee: Dagger            |    68 |   240 |   280 ||   588
 Cast: Corona            |     7 |     1 |       ||     8
       Ensorcelled Hiber |    18 |    11 |    33 ||    62
       Confuse           |     4 |    21 |    39 ||    64
       Tukima's Dance    |       |     3 |     2 ||     5
  Use: Potion            |     2 |     6 |     4 ||    12
       Scroll            |     1 |    14 |     9 ||    24
 Stab: Sleeping          |    13 |    19 |    39 ||    71
       Confused          |     1 |    11 |    17 ||    29
       Distracted        |       |     1 |     3 ||     4
  Eat: Bread ration      |       |     1 |       ||     1
       Fruit             |       |       |     5 ||     5
Armor: Robe              |    17 |    17 |    10 ||    44
Dodge: Dodged            |   117 |   143 |   136 ||   396
Block: Other             |       |       |     1 ||     1
